Cogmind - Beta 14 @@@ ROGUE MODE // 2024.09.14 @ 01:17:46 Player: Zaros426 Result: Destroyed by Z8-UOY(R) with Subdweller Laser Performance ------------- Evolutions (0) 0 Regions Visited (3) 600 Robots Destroyed (45) 225 Value Destroyed (1085) 1085 Prototype IDs (0) 0 Alien Tech Used (0) 0 Bonus (0) 0 TOTAL SCORE: 1910 Bonus ------- None Cogmind --------- Core Integrity 0/250 Matter 136/300 Energy 200/200 System Corruption 0% Temperature Cool (6) Movement Treading (560) Ox4 Location -10/Subcaves Parts ------- > --- POWER (1) -------- Subdweller Power Source > --- PROPULSION (2) --- Spiked Treads > --- UTILITY (2) ------ Huge Storage Unit Light Armor Plating > --- WEAPON (2) ------- Battle Cannon Battle Cannon > --- INVENTORY (25) --- Subdweller Monowheel Subdweller Monowheel Large Storage Unit High-capacity Matter Pod (200) Subdweller Optics Subdweller Optics Targeting Computer Scrap Shield EM Pulse Gun Subdweller Laser Subdweller Beam Cannon Assault Rifle Assault Rifle Subdweller Machine Gun Subdweller Machine Gun Subdweller Shrapnel Launcher Missile Launcher Datajack Shrapnel Trap Peak State ------------ > --- POWER ------------ Subdweller Power Source > --- PROPULSION ------- Spiked Treads Spiked Treads > --- UTILITY ---------- Huge Storage Unit Insulated Plating > --- WEAPON ----------- Battle Cannon Battle Cannon > --- INVENTORY -------- Subdweller Monowheel Large Storage Unit High-capacity Matter Pod Subdweller Optics Targeting Computer Light Armor Plating Scrap Shield EM Pulse Gun Subdweller Laser Subdweller Beam Cannon Assault Rifle Assault Rifle Subdweller Machine Gun Subdweller Machine Gun Subdweller Shrapnel Launcher Missile Launcher Datajack Shrapnel Trap [Rating: 17] Favorites ----------- Power Ion Engine Engine Ion Engine Propulsion Light Treads Treads Light Treads Wheel Subdweller Monowheel Utility Large Storage Unit Device Seismic Detector Storage Large Storage Unit Protection Insulated Plating Weapon Assault Rifle Energy Gun EM Pulse Gun Ballistic Gun Assault Rifle Ballistic Cannon Battle Cannon Launcher Missile Launcher Impact Weapon Hammer Build | -11 -10 -10 -10 ------- Run | Yrd Mat Min Sub Slots Evolved . | . . . . Power . | . . . . Propulsion . | . . . . Utility . | . . . . Weapon . | . . . . Parts Attached 34 | 6 10 4 14 Power 3 | 1 . . 2 Engine 3 | 1 . . 2 Core . | . . . . Reactor . | . . . . Propulsion 9 | 2 . 2 5 Treads 5 | 2 . 1 2 Leg . | . . . . Wheel 4 | . . 1 3 Hover . | . . . . Flight . | . . . . Utility 10 | 1 6 1 2 Device 2 | . 2 . . Storage 4 | 1 2 . 1 Processor . | . . . . Hackware . | . . . . Protection 4 | . 2 1 1 Artifact . | . . . . Weapon 12 | 2 4 1 5 Energy Gun 1 | . 1 . . Energy Cannon . | . . . . Ballistic Gun 5 | 2 1 . 2 Ballistic Cannon 2 | . . . 2 Launcher 3 | . 2 1 . Special Weapon . | . . . . Impact Weapon 1 | . . . 1 Slashing Weapon . | . . . . Piercing Weapon . | . . . . Special Melee Weapon . | . . . . Unidentified Prototypes . | . . . . Parts Lost 10 | . . 2 8 Power 2 | . . . 2 Propulsion 5 | . . 2 3 Utility 1 | . . . 1 Weapon 2 | . . . 2 Highest Loss Streak 3 | . . 1 3 To Critical Strikes 1 | . . . 1 Average Slot Usage (%) 94 | . 96 90 97 Engine 13 | . 14 14 13 Treads 22 | . 28 19 18 Wheel 2 | . . . 8 Storage 14 | . 14 14 14 Protection 11 | . 7 14 13 Energy Gun 2 | . 2 5 . Ballistic Gun 13 | . 15 14 7 Ballistic Cannon 2 | . . . 9 Launcher 9 | . 9 8 8 Peak Build Rating 17 | 6 9 12 17 Average Rating 10 | 5 7 10 14 On Entrance 6 | . 6 8 12 Naked Turns . | . . . . Heaviest Build 96 | 13 33 36 96 Greatest Support 40 | 40 40 40 40 Greatest Overweight (x) 9 | 1 . 3 9 Average Overweight (x) 1 | . . . 3 Largest Inventory Capacity 25 | 8 15 15 25 Average Capacity 15 | 7 11 15 23 Most Carried 24 | 4 12 13 24 Average Carried 12 | 1 8 11 18 Final Capacity 25 | 8 15 15 25 Final Carried 20 | 4 12 13 20 Class Distribution -------------------- 91% | Mutant 8% | Derelict-Mutant Dominant Class ---------------- Mutant | -10/Materials Mutant | -10/Mines Mutant | -10/Subcaves Resources | -11 -10 -10 -10 ----------- Run | Yrd Mat Min Sub Matter Collected 1358 | 300 258 411 389 Remotely . | . . . . Salvage Created 1107 | 108 430 373 196 Parts 85 | 9 35 23 18 Haulers Intercepted 2 | . 2 . . Recyclers Shooed 2 | 1 1 . . Parts Field Recycled . | . . . . Retrieved Matter . | . . . . Parts Self-Destructed 8 | . . . 8 Prevented . | . . . . Kills | -11 -10 -10 -10 ------- Run | Yrd Mat Min Sub Combat Hostiles Destroyed 29 | . 12 9 8 Guns 5 | . 1 4 . Cannons 4 | . . . 4 AOE 20 | . 11 5 4 Classes Destroyed 10 | 2 6 1 1 Worker 4 | . 2 2 . Builder 1 | . . 1 . Tunneler 3 | 2 . 1 . Hauler 2 | . 2 . . Recycler 2 | 1 1 . . Operator 1 | . 1 . . Watcher 3 | . 3 . . Swarmer 6 | . 3 3 . Grunt 15 | . 9 6 . Subdweller 8 | . . . 8 Best Kill Streak 5 | 2 5 4 2 Combat Bots Only 4 | . 3 4 2 Max Kills in Single Turn 3 | 1 3 2 1 Gunslinging . | . . . . Exploded 2 | . 2 2 1 Melee . | . . . . Uniques/NPCs Destroyed . | . . . . Combat | -11 -10 -10 -10 -------- Run | Yrd Mat Min Sub Hostile Shots Fired 116 | . 29 31 56 Missed 28 | . 7 9 12 Damage Taken 1814 | . 301 346 1167 Core 266 | . 51 46 169 Absorbed by Shields . | . . . . Core Remaining (%) 100 | 100 . . . Volleys Fired 107 | 10 33 28 36 Largest 2 | 2 2 2 2 Hottest 78 | 40 60 60 78 Shots Fired 190 | 20 64 46 60 Gun 131 | 20 42 43 26 Cannon 22 | . . . 22 Launcher 37 | . 22 3 12 Special . | . . . . Kinetic 137 | 20 41 28 48 Thermal . | . . . . Explosive 37 | . 22 3 12 Electromagnetic 16 | . 1 15 . Robot Hit Streak 15 | 4 9 9 15 Robot Miss Streak 5 | 3 5 2 2 Penetration Max . | . . . . Secondary Targets 1 | . . 1 . Max Gunslinging Chain 1 | . . 1 . Shots Hit Robots 111 | 9 26 32 44 Core Hits 72 | 4 38 19 11 Critical Kills . | . . . . Critical Parts Destroyed . | . . . . Critical Strikes 1 | . . . 1 Blast 1 | . . . 1 Melee Attacks 15 | . . . 15 Impact 15 | . . . 15 Slashing . | . . . . Piercing . | . . . . Sneak Attacks . | . . . . Combat Hostiles . | . . . . Follow-up Attacks . | . . . . Damage Inflicted 2889 | 88 1189 733 879 Guns 630 | 88 134 381 27 Cannons 285 | . . . 285 Explosions 1974 | . 1055 352 567 Melee . | . . . . Ramming . | . . . . Kinetic 743 | 88 122 221 312 Thermal 116 | . . 116 . Explosive 1858 | . 1055 236 567 Electromagnetic 172 | . 12 160 . Impact . | . . . . Slashing . | . . . . Piercing . | . . . . Highest Corruption . | . . . . Average Corruption . | . . . . Corruption Purged . | . . . . Corruption Blocked . | . . . . Overload Shots . | . . . . Overflow Damage 26 | . 11 13 2 Projectiles . | . . . . Explosions 26 | . 11 13 2 Melee . | . . . . Knockbacks 3 | . . . 3 Impact . | . . . . Kinetic 3 | . . . 3 Secondary . | . . . . Self-Inflicted Damage 218 | . 57 78 83 Shots 10 | . 4 3 3 Rammed . | . . . . Targets Rammed . | . . . . Kicked . | . . . . Crushed . | . . . . Highest Temperature 88 | . 26 88 . Average Temperature 28 | . 12 37 . Received Heat Transfer 396 | . 126 105 165 Siege Activations . | . . . . Robots Corrupted . | . . . . Combat Hostiles . | . . . . Parts Fried . | . . . . Impact Corruptions . | . . . . Robots Melted . | . . . . Combat Hostiles . | . . . . Parts Melted . | . . . . Heat Transferred 100 | . . 100 . Parts Sabotaged . | . . . . Parts Stolen . | . . . . Parts Stripped . | . . . . Power Chain Reactions 2 | . . 2 . Alert | -11 -10 -10 -10 ------- Run | Yrd Mat Min Sub Peak Influence 209 | 15 209 208 . Initial 30 | . 9 30 . Average 69 | 6 91 52 . Maximum Alert Level 1 | . 1 1 . Low Security (%) 92 | 100 92 91 . Level 1 7 | . 7 8 . Level 2 . | . . . . Level 3 . | . . . . Level 4 . | . . . . Level 5 . | . . . . High Security . | . . . . Max Security . | . . . . Squads Dispatched 3 | . 2 1 . Investigation 3 | . 2 1 . Extermination . | . . . . Reinforcement . | . . . . Assault . | . . . . Garrison . | . . . . Intercept . | . . . . Searches Triggered . | . . . . Construction Impeded . | . . . . Haulers Reinforced . | . . . . Active Scanning Responses . | . . . . Cargo Convoy Interrupts . | . . . . Stealth | -11 -10 -10 -10 --------- Run | Yrd Mat Min Sub Distress Signals 2 | . 2 . . Communications Jammed . | . . . . Distress Signals . | . . . . Times Spotted 35 | . 16 9 10 Peak Tracking Total 3 | . 3 3 2 Tactical Retreats 1 | . 1 . . Traps | -11 -10 -10 -10 ------- Run | Yrd Mat Min Sub Traps Triggered . | . . . . Indirectly . | . . . . Trap Hack Attempts . | . . . . Triggered . | . . . . Disarmed . | . . . . Reprogrammed . | . . . . Reused . | . . . . Traps Extracted . | . . . . Installed . | . . . . Triggered . | . . . . Most Traps Carried 1 | . . . 1 Machines | -11 -10 -10 -10 ---------- Run | Yrd Mat Min Sub Machines Disabled 2 | . 1 1 . Max in Single Turn 1 | . 1 1 . Machines Repaired . | . . . . Machines Dismantled . | . . . . Machines Sabotaged . | . . . . Overloaded Fab Kills . | . . . . Hacking | -11 -10 -10 -10 --------- Run | Yrd Mat Min Sub Machines Accessed 10 | . 9 1 . Terminals 7 | . 7 . . Fabricators . | . . . . Repair Stations . | . . . . Recycling Units 2 | . 2 . . Scanalyzers . | . . . . Garrison Access . | . . . . Total Hacks 32 | . 31 1 . Successful 20 | . 19 1 . Failed 11 | . 11 . . Catastrophic . | . . . . Database Lockouts 1 | . 1 . . Manual 16 | . 16 . . Terminals 29 | . 29 . . Fabricators . | . . . . Repair Stations . | . . . . Recycling Units 2 | . 2 . . Scanalyzers . | . . . . Garrison Access . | . . . . Terminal Hacks 13 | . 12 1 . Record 1 | . 1 . . Robot Analysis 3 | . 3 . . Open Door 1 | . . 1 . Terminal Index 1 | . 1 . . Unreport Threat 1 | . 1 . . Locate Traps 2 | . 2 . . Dispatch Records 1 | . 1 . . Hauler Manifests 1 | . 1 . . Zone Layout 2 | . 2 . . Fabricator Hacks . | . . . . Repair Station Hacks . | . . . . Recycling Unit Hacks . | . . . . Scanalyzer . | . . . . Garrison Access Hacks . | . . . . Unauthorized Hacks 7 | . 7 . . Terminals 5 | . 5 . . Skim 5 | . 5 . . Fabricators . | . . . . Repair Stations . | . . . . Recycling Units 2 | . 2 . . Tunnel 2 | . 2 . . Scanalyzers . | . . . . Garrison Access . | . . . . Data Cores Recovered 1 | . 1 . . Used 1 | . 1 . . Hacking Detections 7 | . 7 . . Full Trace Events . | . . . . Feedback Events . | . . . . Feedback Blocked . | . . . . Robot Schematics Acquired . | . . . . Robots Built . | . . . . Authchips . | . . . . Time . | . . . . Total Robot Build Rating . | . . . . Part Schematics Acquired . | . . . . Parts Built . | . . . . Authchips . | . . . . Time . | . . . . Total Part Build Rating . | . . . . Parts Repaired . | . . . . Time . | . . . . Parts Recycled . | . . . . Recycled Matter . | . . . . Retrieved Matter . | . . . . Retrieved Components . | . . . . Parts Scanalyzed . | . . . . Part Schematics Acquired . | . . . . Parts Damaged . | . . . . Bothacking | -11 -10 -10 -10 ------------ Run | Yrd Mat Min Sub Used RIF Installer . | . . . . Robots Hacked . | . . . . Non-combat . | . . . . Combat . | . . . . Robot Hacks Applied . | . . . . Relay Couplers Released . | . . . . Fabnet Peak Effective % . | . . . . Robots Rewired . | . . . . Allies Hacked . | . . . . Hacks Repelled . | . . . . Allies | -11 -10 -10 -10 -------- Run | Yrd Mat Min Sub Total Allies . | . . . . Largest Group . | . . . . Highest-Rated Group . | . . . . Highest-Rated Ally . | . . . . Total Orders . | . . . . Ally Attacks . | . . . . Total Damage . | . . . . Kills . | . . . . Allies Corrupted . | . . . . Allies Melted . | . . . . Intel | -11 -10 -10 -10 ------- Run | Yrd Mat Min Sub Robot Analysis Total 3 | . 3 . . Derelict Logs Recovered 3 | . . 1 2 Drone Launches . | . . . . Drone Recoveries . | . . . . Exploration | -11 -10 -10 -10 ------------- Run | Yrd Mat Min Sub Turns Passed 4545 | 136 1616 1587 1206 Spaces Moved 2166 | 63 835 705 563 Core 5 | 5 . . . Treads 1683 | 58 835 684 106 Legs . | . . . . Wheels 478 | . . 21 457 Hover . | . . . . Flight . | . . . . Fastest Speed 50 | 50 160 125 125 Average Speed 178 | 152 160 200 182 Slowest Speed 360 | 160 160 240 360 Overloaded Moves . | . . . . Propulsion Burnouts . | . . . . Robots Hopped . | . . . . Cave-ins Triggered . | . . . . Exploration Rate (%) 59 | 5 97 102 33 Regions Visited 3 Branch Regions 2 Pre-discovered Areas 5 | . 5 . . Known Exits Taken . | . . . . Unknown Exits Taken 3 | 1 1 1 . Scrap Searched 8 | . . 1 7 Spaces Dug 47 | . 13 . 34 Terrain Destroyed 228 | . 108 43 77 Melee 3 | . . . 3 Projectile . | . . . . AOE 225 | . 108 43 74 Terrain Rammed . | . . . . Walls Destroyed . | . . . . Machines Disabled . | . . . . Actions | -11 -10 -10 -10 --------- Run | Yrd Mat Min Sub Total 2624 | 82 1054 833 655 Wait 241 | . 151 90 . Move 2163 | 62 834 704 563 Hop . | . . . . Pick Up 44 | 4 16 4 20 Fast Attach 9 | 6 1 2 . Attach 11 | . 2 1 8 Detach . | . . . . Swap 14 | . 7 1 6 Drop 20 | . 10 3 7 Fire 107 | 10 33 28 36 Melee 15 | . . . 15 Ram . | . . . . Kick . | . . . . Crush . | . . . . Escape Stasis . | . . . . Rewire . | . . . . Trap . | . . . . Miscellaneous . | . . . . Route ------- -11/Scrapyard -10/Materials (discovered 4 exits: *Mat x3 / *Min) -10/Mines (discovered 3 exits: *Mat x2 / [*Sub]) -10/Subcaves (discovered 1 exit: Mat) History --------- Turn | Location | Event 6 | -11/Scrapyard | Discovered new exit (range 15) 137 | -11/Scrapyard | Entered Materials 312 | -10/Materials | Build established: Mutant 437 | -10/Materials | Discovered new exit (range 10) 841 | -10/Materials | Discovered new exit (range 7) 1035 | -10/Materials | Discovered new exit (range 5) 1143 | -10/Materials | Discovered new exit (range 15) 1328 | -10/Materials | Central database locked down 1444 | -10/Materials | Learned location of Mines (-9) 1499 | -10/Materials | Loaded intel: 17 trap records 1605 | -10/Materials | Loaded intel: 2 recycling unit locations 1641 | -10/Materials | Learned 2 Mines zone layouts 1687 | -10/Materials | Learned location of Subcaves (-10) 1753 | -10/Materials | Entered Mines 1754 | -10/Mines | Identified exit to Materials 1882 | -10/Mines | Met a Derelict shopkeep closing up shop 3214 | -10/Mines | Discovered new exit (range 9) 3340 | -10/Mines | Entered Subcaves 3341 | -10/Subcaves | Identified exit to Materials 3500 | -10/Subcaves | Shifting Twisted Machinery released Sub. Laser 3544 | -10/Subcaves | Shifting Twisted Machinery released Sub. Beam Cannon 3663 | -10/Subcaves | Learned 4 Materials zone layouts 3734 | -10/Subcaves | A swath of the cavern ceiling suddenly collapsed 3822 | -10/Subcaves | Core integrity fell below 50% 3950 | -10/Subcaves | Learned 4 Materials zone layouts 4084 | -10/Subcaves | Core integrity fell below 20% 4132 | -10/Subcaves | Lost 3 parts (1p1n1w) 4445 | -10/Subcaves | Build established: Derelict-Mutant 4546 | -10/Subcaves | Destroyed by Z8-UOY(R) with Subdweller Laser Last Messages --------------- 04163_ 8J-LNS(R) destroyed. 04166_ YD-085(R) knocked back. 04169_ YD-085(R) destroyed. 04172_ Acquired Sub. Optics. 04176_ Acquired Sub. Monowheel. 04177_ Acquired 23 matter. 04185_ Acquired 5 matter. 04195_ Acquired 4 matter. 04213_ Acquired 15 matter. 04217_ Acquired 1 matter. 04401_ Subatomizers dissect the Disposable Heat Sink. 04421_ MI-CSB(R) knocked back. 04422_ Insulated Plating destroyed. 04427_ MI-CSB(R) affixes Scrap Shield Fragment to Scrap Shield. 04427_ MI-CSB(R) destroyed. 04441_ Subatomizers dissect the Disposable Heat Sink. 04455_ Acquired 6 matter. 04456_ Subatomizers dissect the Disposable Heat Sink. 04460_ Acquired 1 matter. 04545_ Spk. Treads destroyed. Map ----- +----------------------------------------------------+ | ?????????????????????????????????????????????????? | | ?????????????????????????????????????????????????? | | ?????????????????????????????????????????????????? | | ?????????????????????????????????????????????????? | | ?????????????????????????????????????????????????? | | ?????????????????????????????????????????????????? | | ?????????????????????????????????????????????????? | | ?????????????????????????????????????????????????? | | ?????????????????????????????????????????????????? | | ?????????????????????????????????????????????????? | | ?????????????????????????????????????????????????? | | ?????????????????????????????????????????????????? | | ?????????????????????????????????????????????????? | | ?????????????????????????????????????????????????? | | ?????????????????????????????????????????????????? | | ?????????????????????????????????????????????????? | | ?????????????????????????????????????????????????? | | ?????????????????????????????????????????????????? | | ?????????????????????????????????????????????????? | | ?????????????????????????????????????????????????? | | ?????????????????????????????????????????????????? | | ?????????????????????????????????????????????????? | | ????############???????????##???? #??????????????? | | #??## ## ######?##### ### ##?????????????? | | ?# ## ### #?????????????? | | # @ #?????????????? | | # # #????????????? | | # ### # ## ###???????????????????? | | # ##?# #### #????????????????????? | | # ##??# #??# #???????????????????? | | ##??# ?? RR #???????????????????? | | ### #??# ?? #???????????????????? | | ### #??# ??% ???????????????????? | | ### #??###?? ??????????????????? | | ## ## ##??????? ##### #?????????????????? | | #?# ## #????????#?????##?????????????????? | | #?# #### #?????????????????????????????????? | | ### %##?# ##?????????????????????????????????? | | # #?###??????????????????????????????????? | | [! ##??????????????????????????????????????? | | & #???????????????????????????????????????? | | ## &%&#???????????????????????????????????????? | | ### !&##??????????????????????????????????????? | | #?#] #??????????????????????????????????????? | | ####?# " #??????????????????????????????????????? | | #????# ##??????????????????????????????????????? | | #?? ##""" ###????????????????????????????????????? | | ??# "# ##???????????????????????????????????? | | ??# "" #???????????????????????????????????? | | ###""" ##= #???????????????????????????????????? | +----------------------------------------------------+ Best States ------------- Heat Dissipation 39 Energy Generation 10 Energy Capacity 250 Matter Stores 300 Matter Capacity 500 Sight Range 16 Terrain Scan Density 10 Armor Coverage 150 Resistance: EM 15 Evasion (%) 40 Recoil Reduction 2 Item Schematics ----------------- None Robot Schematics ------------------ None Fabricated ------------ Nothing Alien Tech Used ----------------- None Achievements -------------- None Challenges ------------ None Game ------ Seed IntegratedVisualArticulator Manual? 0 Play Time 00:21:07 Cumulative 83.6 hours Start 2024.09.14 @ 00:57:07 End 2024.09.14 @ 01:17:46 Sessions 1 Manual Loads 0 Difficulty Rogue Special Mode None Game No. 47 Rogue 47 Adventurer 0 Explorer 0 Win Type - Total 0 Types 0/0/0/0/0/0/0/0/0 Lore% 44 Gallery% 60 Achievement% 51 Wizard Run 0 Options --------- Layout 0 ASCII 0 Keyboard 0 Movement Mouse Keybinds 0 Fullscreen 1 Font 24/Smallcaps Map View 183x50 Zoom Use 0% Tactical HUD 1 Map Filters NONE Filters NONE Steam 0 RUN: 5a1dde48-5a55-4dec-bed2-b56b1a653950